 Dungeon Crawl Stone Soup version 0.19.4-8-ga85b6b9 (webtiles) character file.

912 doot the Thaumaturge (level 7, -1/38 HPs)
             Began as a Deep Elf Wizard on Feb 11, 2017.
             Shot with an arrow by a centaur (6 damage)
             ... on level 5 of the Dungeon.
             The game lasted 00:32:42 (6742 turns).

doot the Thaumaturge (Deep Elf Wizard)              Turns: 6742, Time: 00:32:42

Health: -1/38      AC:  2    Str:  1    XL:     7   Next: 82%
Magic:  16/22      EV: 13    Int: 25    God:
Gold:   281        SH:  0    Dex: 13    Spells: 5 memorised, 16 levels left

rFire  . . .     SeeInvis .     A - +4 rapier
rCold  . . .     Gourm    .     a - +0 robe
rNeg   + . .     Faith    +     (no shield)
rPois  .         Spirit   .     b - +0 hat
rElec  .         Reflect  .     (no cloak)
rCorr  .         Harm     .     (no gloves)
MR     .....                    (no boots)
Stlth  ++........               o - amulet of faith
                                e - ring of positive energy
                                m - -3 ring of strength (curse)

@: no status effects
A: no striking features
a: no special abilities


You were on level 5 of the Dungeon.
You were very hungry.

You visited 1 branch of the dungeon, and saw 5 of its levels.

You collected 281 gold pieces.

Inventory:

Hand Weapons
 g - a +0 dagger
 A - a +4 rapier (weapon)
Armour
 a - a +0 robe (worn)
 b - a +0 hat (worn)
Jewellery
 e - a ring of positive energy (right hand)
 m - a cursed -3 ring of strength (left hand)
 o - an amulet of faith (around neck)
Wands
 l - a wand of iceblast (10/15)
 B - a wand of slowing (33/48)
 D - a wand of flame (14/48)
Scrolls
 q - a scroll of remove curse
 t - 3 scrolls of teleportation
 y - 5 scrolls of identify
 C - 3 scrolls of blinking
 E - a scroll of fear {unknown}
 F - a scroll of enchant weapon {unknown}
Potions
 f - 3 potions of mutation {unknown}
 h - a potion of curing
 i - a potion of might {unknown}
 j - 2 potions of heal wounds
 k - 2 potions of flight {unknown}
 n - a potion of cure mutation {unknown}
 p - 3 potions of lignification {unknown}
 r - a potion of haste {unknown}
 s - a potion of brilliance {unknown}
 u - 2 potions of magic {unknown}
 v - a potion of resistance {unknown}
 x - a potion of degeneration {unknown}
 z - a potion of cancellation {unknown}
Books
 c - a book of Minor Magic

   Spells                             Type                      Level
   a - Magic Dart                     Conjuration                  1
   b - Blink                          Translocation                2
   c - Call Imp                       Summoning                    2
   d - Repel Missiles                 Charms/Air                   2
   e - Slow                           Hexes                        2
   f - Conjure Flame                  Conjuration/Fire             3
   g - Mephitic Cloud                 Conjuration/Poison/Air       3
Comestibles
 d - a bread ration
 w - 4 meat rations


   Skills:
 + Level 1.0 Fighting
 + Level 1.0 Short Blades
 + Level 3.2 Dodging
 + Level 3.4 Stealth
 * Level 10.3 Spellcasting
 + Level 2.2 Conjurations
 + Level 3.6 Summonings
 + Level 1.1 Translocations
 + Level 0.6 Air Magic


You had 16 spell levels left.
You knew the following spells:

 Your Spells              Type           Power        Failure   Level  Hunger
a - Magic Dart            Conj           ###.         1%          1    None
b - Call Imp              Summ           ####....     1%          2    None
c - Blink                 Tloc           N/A          6%          2    None
d - Mephitic Cloud        Conj/Pois/Air  ###.....     12%         3    None
e - Slow                  Hex            ##......     10%         2    None


Dungeon Overview and Level Annotations

Branches:
Dungeon (5/15)
 Temple: D:4-7

Altars:

Annotations:
D:3 Exporg's ghost, amateur HOFE


Message History

Your iron imp dies!
Your iron imp hits the centaur.
The centaur shoots an arrow.
The arrow barely misses your iron imp. The arrow completely misses you.
Your crimson imp hits the centaur.
The centaur shoots an arrow.
The arrow hits your iron imp.
Your iron imp barely misses the centaur.
Your crimson imp hits the centaur but does no damage.
The centaur shoots an arrow.
The arrow closely misses your iron imp. The arrow hits you.
* * * LOW HITPOINT WARNING * * *
Your crimson imp hits the centaur.
Your iron imp barely misses the centaur.
The centaur shoots an arrow.
The arrow hits your iron imp.
The centaur unwields an uncursed shortbow.
The centaur hits your iron imp.
Your iron imp dies!
Your crimson imp barely misses the centaur.
The centaur wields an uncursed shortbow.
The centaur shoots an arrow.
The arrow hits you.
You die...

#.........##.# #...####.#
#..#.........# #..(...#.#
#.....#.#.######...##.#.#
##.####.......##...##.#.#
#5c((c=#.###.##...##.#.#
######.#.# #.##...##.#.#
#..#.# #....#.##.#.#
#..#.######.#....#.#
#..@.............#.#
#....######.###.##.#
###### #.# #..... #.#
####.# #.# #.. #.# ##.
#.# #. #.# #. #.# #.


You could see a centaur.

Vanquished Creatures
  An ogre (D:4)
  A scorpion (D:5)
  An orc priest (D:5)
  2 bullfrog skeletons (D:5)
  Jessica (D:3)
  2 worker ants
  A gnoll (D:1)
  2 adders
  A worm (D:4)
  An orc (D:5)
  5 bats (D:1)
  A giant cockroach (D:1)
  5 goblins
  5 hobgoblins
  6 kobolds
  3 quokkas
  3 ball pythons
  2 frilled lizards
  3 rats
46 creatures vanquished.

Vanquished Creatures (collateral kills)
  Eustachio (D:4)
  Menkaure (D:5)
  A water moccasin (D:5)
  An ice beast (D:5)
  3 ogres
  3 hounds
  2 iguanas
  2 worker ants (D:5)
  A hound zombie (D:5)
  A worker ant zombie (D:5)
  Robin (D:3)
  2 adders (D:3)
  2 oozes
  4 worms
  A leopard gecko (D:3)
  4 orcs
  A giant cockroach (D:3)
  12 goblins
  4 hobgoblins
  8 jackals
  A bat (D:1)
  A frilled lizard (D:4)
  2 kobolds
  4 rats (D:1)
63 creatures vanquished.

Grand Total: 109 creatures vanquished

Notes
Turn   | Place    | Note
-------+----------+-------------------------------------------
     0 | D:1      | doot the Deep Elf Wizard began the quest for the Orb.
     0 | D:1      | Reached XP level 1. HP: 10/10 MP: 7/7
   300 | D:1      | Reached skill level 5 in Spellcasting
   341 | D:1      | Reached XP level 2. HP: 15/15 MP: 5/10
   458 | D:1      | Learned a level 2 spell: Call Imp
   461 | D:1      | Learned a level 2 spell: Blink
   609 | D:1      | Reached XP level 3. HP: 17/19 MP: 6/12
   614 | D:1      | Learned a level 3 spell: Mephitic Cloud
  1648 | D:2      | Reached skill level 6 in Spellcasting
  2156 | D:3      | Noticed Exporg's ghost (amateur HOFE)
  2312 | D:3      | Reached XP level 4. HP: 24/24 MP: 12/14
  2325 | D:3      | Learned a level 2 spell: Slow
  2352 | D:3      | Noticed Robin
  2875 | D:3      | Killed Robin
  2912 | D:3      | Noticed Jessica
  2919 | D:3      | Killed Jessica
  3494 | D:4      | Reached skill level 7 in Spellcasting
  3769 | D:4      | Noticed an ogre
  3782 | D:4      | Killed an ogre
  3782 | D:4      | Reached XP level 5. HP: 28/28 MP: 4/16
  3983 | D:4      | Noticed Eustachio
  3997 | D:4      | Killed Eustachio
  3997 | D:4      | Reached skill level 8 in Spellcasting
  3997 | D:4      | Reached XP level 6. HP: 29/32 MP: 5/19
  4648 | D:5      | Entered Level 5 of the Dungeon
  4804 | D:5      | Noticed a water moccasin
  4868 | D:5      | Killed a water moccasin
  4874 | D:5      | Reached skill level 9 in Spellcasting
  5253 | D:5      | Reached XP level 7. HP: 25/36 MP: 21/21
  6029 | D:5      | Reached skill level 10 in Spellcasting
  6155 | D:5      | Noticed Menkaure
  6178 | D:5      | Killed Menkaure
  6178 | D:5      | Reached skill level 1 in Fighting
  6497 | D:5      | Reached skill level 1 in Short Blades
  6742 | D:5      | Shot with an arrow by a centaur

Skill      XL: |  1  2  3  4  5  6  7 |
---------------+----------------------+-----
Spellcasting   | 5 6 7 8 9 10 | 10.3
Summonings     | 2 3 |  3.6
Dodging        | 3 |  3.2
Conjurations   | 2 |  2.2
Stealth        | 3 |  3.4
Fighting       | 1 |  1.0
Short Blades   | 1 |  1.0
Translocations | |  1.1
Air Magic      | |  0.6

Action                   |  1- 3 |  4- 6 |  7- 9 || total
-------------------------+-------+-------+-------++-------
Melee: Dagger            |     8 |    13 |       ||    21
       Rapier            |       |    14 |    16 ||    30
 Cast: Magic Dart        |    71 |    39 |    18 ||   128
       Call Imp          |    19 |    65 |    24 ||   108
       Slow              |       |     3 |       ||     3
       Mephitic Cloud    |       |     3 |     3 ||     6
       Blink             |       |     3 |       ||     3
  Use: Scroll            |     5 |     4 |       ||     9
       Potion            |     1 |       |       ||     1
 Stab: Sleeping          |       |     1 |     2 ||     3
       Distracted        |       |     1 |       ||     1
  Eat: Chunk             |     2 |     5 |     2 ||     9
       Beef jerky        |     1 |       |       ||     1
       Pizza             |       |     1 |       ||     1
       Bread ration      |       |     1 |       ||     1
Armor: Robe              |     4 |    15 |     1 ||    20
Dodge: Dodged            |    17 |    44 |    23 ||    84
